 Dungeon Crawl Stone Soup version 0.31-a0-1005-gfbdfbacc72 (webtiles) character file.

Game seed: 14589327915373941611

2047 night the Ruffian (level 9, -4/80 HPs)
             Began as a Troll Shapeshifter on Nov 10, 2023.
             Was a Follower of Hepliaklqana.
             Slain by Maggie
             ... wielding a +1 scimitar of flaming
              (5 damage)
             ... on level 7 of the Dungeon.
             The game lasted 00:10:50 (4350 turns).

night the Ruffian (Troll Shapeshifter)              Turns: 4350, Time: 00:10:51

Health: -4/80      AC:  4    Str: 28    XL:     9   Next: 4%
Magic:  9/9        EV: 13    Int:  6    God:    Hepliaklqana [*.....]
Gold:   395        SH: 13    Dex:  9    Spells: 8/8 levels left

rFire   . .          .
                       - Unarmed
rCold   . . .        w - +0 kite shield
rNeg    . . .        a - +0 animal skin
rPois   .            (helmet currently unavailable)
rElec   .            (cloak currently unavailable)
rCorr   .            (gloves unavailable)
SInv    +            (boots unavailable)
Will    .....        h - amulet of reflection
Stlth   +            i - ring of see invisible
HPRegen 1.13/turn    E - +5 ring of evasion
MPRegen 0.11/turn

%: reflection
@: mighty, beast-form, mesmerised
A: beast (slay +1), reduced essence, large, unfitting armour, claws 3,
regeneration 1, shaggy fur 1, tough skin 1
a: Begin Untransformation, Renounce Religion, Recall Ancestor, Ancestor Identity


You were on level 7 of the Dungeon.
You worshipped Hepliaklqana.
Hepliaklqana was aware of your devotion.
You were a hulking beast.
You visited 2 branches of the dungeon, and saw 8 of its levels.
You also visited: Sewer.

You collected 395 gold pieces.

Inventory:

Missiles
 n - 35 stones
 q - 8 poisoned darts
 D - 6 atropa-tipped darts
Armour
 a - a +0 animal skin (worn)
 w - a +0 kite shield (worn)
Jewellery
 h - an amulet of reflection (around neck)
 i - a ring of see invisible (left claw)
 E - a +5 ring of evasion (right claw)
Talismans
 c - a beast talisman
 d - a flux talisman
Wands
 v - a wand of quicksilver (13)
 F - a wand of flame (19)
Scrolls
 g - 4 scrolls of teleportation
 j - 3 scrolls of identify
 l - a scroll of brand weapon
 m - 2 scrolls of blinking
 o - a scroll of noise {unknown}
 p - a scroll of torment {unknown}
 s - a scroll of enchant weapon
 t - a scroll of fog {unknown}
 u - a scroll of silence {unknown}
 x - a scroll of vulnerability {unknown}
 y - 2 scrolls of poison {unknown}
 G - a scroll of enchant armour {unknown}
Potions
 b - 3 potions of lignification
 e - 3 potions of might
 f - a potion of degeneration {unknown}
 k - a potion of brilliance {unknown}
 r - 2 potions of haste {unknown}
 z - a potion of invisibility {unknown}
 A - 3 potions of mutation {unknown}
 B - a potion of attraction {unknown}
 C - 2 potions of curing {unknown}


   Skills:
 + Level 5.9 Fighting
 - Level 1.5 Dodging
 + Level 5.1 Shields
 + Level 7.7 Unarmed Combat
 + Level 1.5 Invocations
 - Level 3.0 Shapeshifting


You had 8 spell levels left.
You didn't know any spells.
Your spell library contained the following spells:

 Spells                   Type           Power      Damage    Failure   Level
 Shock                    Conj/Air       0%         1d3       67%         1
 Hailstorm                Conj/Ice       0%         3d3       95%         3
 Ozocubu's Armour         Ice            0%         N/A       95%         3
 Swiftness                Air            0%         N/A       95%         3
 Airstrike                Air            0%         2d(0-16)  100%        4
 Summon Ice Beast         Ice/Summ       0%         N/A       100%        4
 Metabolic Englaciation   Hex/Ice        0%         N/A       100%        5
 Simulacrum               Ice/Necr       0%         N/A       100%        6
 Haunt                    Necr/Summ      0%         N/A       100%        7
 Borgnjor's Revivificati  Necr           0%         N/A       100%        8
 Death's Door             Necr           0%         N/A       100%        9


Dungeon Overview and Level Annotations

Branches:
Dungeon (7/15)             Temple (1/1) D:4           Sewer (visited)

Altars:
Ashenzari
Cheibriados
Dithmenos
Elyvilon
Gozag
Hepliaklqana
Kikubaaqudgha
Makhleb
Nemelex Xobeh
Okawaru
Qazlal
Ru
Sif Muna
Trog
Uskayaw
Vehumet
Wu Jian
Zin
The Shining One

Annotations:
D:7 Maggie


Innate Abilities, Weirdness & Mutations

You are a hulking beast.
Your limbs bulge with bestial killing power. (Slay +1)
Your life essence is reduced to manifest your ancestor. (-10% HP)
You are too large for most types of armour.
You have claws for hands.
Your natural rate of healing is unusually fast.
You are covered in fur. (AC +1)
You have tough skin. (AC +1)


Message History

You scratch Maggie.
Maggie is moderately wounded.
You block Maggie's attack.
Ahmose closely misses Maggie.
You claw Maggie!
Maggie is moderately wounded.
Maggie gestures at you while chanting. The bolt of fire misses you.
Ahmose hits Maggie but does no damage.
You barely miss Maggie.
Maggie is moderately wounded.
Maggie says, "How do the people who live here stand the isolation?"
Maggie hits you with a +1 scimitar of flaming!
* * * LOW HITPOINT WARNING * * *
Maggie burns you.
* * * LOW HITPOINT WARNING * * *
Ahmose hits Maggie.
You barely miss Maggie.
Maggie is moderately wounded.
You block Maggie's attack.
Ahmose barely misses Maggie.
You barely miss Maggie.
Maggie is moderately wounded.
You block Maggie's attack.
Ahmose barely misses Maggie.
You scratch Maggie.
Maggie is heavily wounded.
Maggie gestures wildly while chanting.
Maggie attempts to bespell you!
You are mesmerised by Maggie!
Ahmose closely misses Maggie.
You barely miss Maggie.
Maggie is heavily wounded.
Maggie hits you with a +1 scimitar of flaming.
* * * LOW HITPOINT WARNING * * *
Maggie burns you.
* * * LOW HITPOINT WARNING * * *
Ahmose hits Maggie but does no damage.
It was a potion of might.
You feel very mighty all of a sudden.
Maggie hits you with a +1 scimitar of flaming!
* * * LOW HITPOINT WARNING * * *
Maggie burns you.
You die...

.# ##. .
..#####..#####..
#.......#......#
#.......#.....
##...........
..###........R@#
#..#.........h.# #..
...............## ..
................#
#.##..#.........>...#
#.#..##..........###...
#.... #.........## ##..
. #..# #......#..# #
..# ##..###.....##..#
..###.........###....#


You could see the friendly Ahmose the ancestor and Maggie (mesmerising, ally
target).

Vanquished Creatures
  Eustachio (D:6)
  Menkaure (D:4)
  2 ice beasts (D:6)
  2 black bears (D:5)
  5 bullfrogs
  A gnoll sergeant (D:5)
  3 scorpions
  6 hounds
  A jelly (D:4)
  3 sleepcaps
  Terence (D:2)
  A hell rat (Sewer)
  2 iguanas (D:6)
  An orc wizard (D:7)
  11 gnolls
  An ancestor (D:7)
  12 adders
  3 river rats
  2 shadow imps (D:5)
  A white imp (D:5)
  4 worms
  3 dart slugs
  11 orcs
  8 ball pythons
  5 bats
  13 endoplasms
  5 giant cockroaches
  11 goblins
  4 hobgoblins
  A jackal (D:1)
  8 kobolds
  4 quokkas
  2 frilled lizards
  13 rats
152 creatures vanquished.

Vanquished Creatures (collateral kills)
  A gnoll sergeant (D:6)
1 creature vanquished.

Vanquished Creatures (others)
  An ancestor (D:6)
1 creature vanquished.

Grand Total: 154 creatures vanquished

Notes
Turn   | Place    | Note
-------+----------+-------------------------------------------
     0 | D:1      | night the Troll Shapeshifter began the quest for the Orb.
     0 | D:1      | Reached XP level 1. HP: 18/18 MP: 0/0
    69 | D:1      | Reached skill level 1 in Fighting
   171 | D:1      | Reached XP level 2. HP: 27/27 MP: 1/1
   323 | D:1      | Reached XP level 3. HP: 35/35 MP: 2/2
   809 | D:2      | Reached skill level 2 in Fighting
   926 | D:2      | Reached skill level 4 in Unarmed Combat
   928 | D:2      | Reached XP level 4. HP: 42/42 MP: 3/3
  1109 | D:2      | Noticed Terence
  1113 | D:2      | Killed Terence
  1274 | D:3      | Reached XP level 5. HP: 52/52 MP: 4/4
  1679 | D:3      | Found a bloodstained altar of Trog.
  1995 | D:4      | Reached skill level 5 in Unarmed Combat
  2101 | D:4      | Found a broken altar of Ashenzari.
  2218 | D:4      | Reached XP level 6. HP: 40/61 MP: 5/5
  2224 | D:4      | Reached skill level 1 in Shields
  2268 | D:4      | Noticed Menkaure
  2281 | D:4      | Killed Menkaure
  2314 | D:4      | Found a staircase to the Ecumenical Temple.
  2322 | Temple   | Entered the Ecumenical Temple
  2328 | Temple   | Became a worshipper of Hepliaklqana the Forgotten
  2376 | D:4      | Reached skill level 2 in Shields
  2528 | D:5      | Entered Level 5 of the Dungeon
  2558 | D:5      | Reached XP level 7. HP: 68/70 MP: 6/6
  2702 | D:5      | Reached skill level 6 in Unarmed Combat
  2721 | D:5      | Found a glowing drain.
  2725 | Sewer    | Entered a sewer
  3160 | D:5      | Reached XP level 8. HP: 58/79 MP: 7/7
  3464 | D:5      | Reached * piety under Hepliaklqana
  3501 | D:6      | Reached skill level 5 in Fighting
  3524 | D:6      | Noticed Eustachio
  3543 | D:6      | Reached skill level 7 in Unarmed Combat
  3599 | D:6      | Killed Eustachio
  3693 | D:6      | Found an iron altar of Okawaru.
  3821 | D:6      | Reached skill level 1 in Invocations
  3835 | D:6      | Reached skill level 5 in Shields
  4300 | D:7      | Reached XP level 9. HP: 80/80 MP: 9/9
  4335 | D:7      | Noticed Maggie
  4349 | D:7      | HP: 10/80 [Maggie/+1 scimitar of flaming (3)]
  4350 | D:7      | HP: 1/80 [Maggie/+1 scimitar of flaming (11)]
  4350 | D:7      | Slain by Maggie

Illustrated notes

Levels and vault maps discovered:
D:1:      dpeg_arrival_brainrot, layout_loops_ring, nicolae_titane
D:2:      layout_rooms, minmay_misc_feat_hallway, uniq_terence
D:3:      layout_basic, mainiacjoe_overflow_small_starburst, moated_statue
D:4:      layout_cave_pools, evilmike_ruin_ashenzari,
          minmay_temple_entry_arrows, serial_column_ruins, column_ruins_grid_1,
          column_ruins_corridor_T, column_ruins_columns_corner,
          column_ruins_open_small, column_ruins_corridor_corner, uniq_menkaure
D:5:      layout_basic, gup_sewer_entry_spiral, minmay_checkerbox
D:6:      layout_cave_pools, okawaru_ov_weapons_minmay, kennysheep_another_room,
          uniq_eustachio
D:7:      cheibrodos_shockbox, layout_layer_cave, uniq_joseph, uniq_maggie
Temple:   eino_temple_rhombus

Skill      XL: |  1  2  3  4  5  6  7  8 |
---------------+-------------------------+-----
Fighting       | 1 2 3 4 5 |  5.9
Unarmed Combat | 4 5 6 7 |  7.7
Shields        | 2 3 5 |  5.1
Invocations    | 1 |  1.5
Dodging        | |  1.5
Shapeshifting  | |  3.0

Action                     |  1- 3 |  4- 6 |  7- 9 || total
---------------------------+-------+-------+-------++-------
  Melee: Unarmed           |    88 |   101 |   200 ||   389
         Punch             |     2 |       |       ||     2
    Use: Scroll            |       |       |     6 ||     6
         Potion            |       |       |     1 ||     1
   Stab: Sleeping          |       |     1 |       ||     1
         Distracted        |       |       |     1 ||     1
 Armour: Animal skin       |    39 |    40 |   108 ||   187
  Dodge: Dodged            |    37 |    32 |    55 ||   124
  Block: Other             |    12 |     8 |       ||    20
         Kite shield       |       |    14 |   133 ||   147
         Reflection        |       |     1 |     1 ||     2

Table legend: (Time is in decaauts)
 A = Elapsed time spent in this place.
 B = Non-inter-level travel time spent in this place.
 C = Inter-level travel time spent in this place.
 D = Time resting spent in this place.
 E = Time spent auto-exploring this place.
 F = Levels seen in this place.
 G = Mean time per level.
                   A        B        C        D        E       F      G
               +--------+--------+--------+--------+--------+-----+--------+
         Total |   4336 |   4125 |    211 |     63 |   3132 |   9 |  481.8 |
       Dungeon |   4231 |   4030 |    201 |     63 |   3100 |   7 |  604.4 |
        Temple |     12 |      2 |     10 |      0 |      0 |   1 |   12.0 |
         Sewer |     92 |     92 |      0 |      0 |     32 |   1 |   92.0 |
               +--------+--------+--------+--------+--------+-----+--------+

Top non-repeatable levels by time:
     D:5: 883 daAuts
     D:1: 786 daAuts
     D:6: 745 daAuts
     D:3: 710 daAuts
     D:4: 580 daAuts
     D:2: 425 daAuts
     D:7: 99 daAuts
   Sewer: 92 daAuts
  Temple: 12 daAuts
